 Dungeon Crawl Stone Soup version 0.17-a0-1923-gc35365e (webtiles) character file.

90 pk666 the Magician (level 4, 0/24 HPs)
             Began as a Deep Elf Wizard on Sept 28, 2015.
             Slain by a river rat (7 damage)
             ... on level 2 of the Dungeon.
             The game lasted 00:05:08 (2321 turns).

pk666 the Magician (Deep Elf Wizard)                Turns: 2321, Time: 00:05:08

Health: 0/24       AC:  3    Str:  4    XL:     4   Next: 32%
Magic:  5/13       EV: 12    Int: 24    God:
Gold:   61         SH:  0    Dex: 13    Spells: 5 memorised, 3 levels left

rFire  . . .     SeeInvis .     e - +0 dagger
rCold  . . .     Clarity  .     a - +0 robe
rNeg   . . .     SustAt   .     (no shield)
rPois  .         Gourm    .     b - +0 hat
rElec  .         Spirit   .     (no cloak)
rCorr  .         Warding  .     l - +0 pair of gloves (curse)
rMut   .         Stasis   .     (no boots)
MR     .....                    (no amulet)
Stlth  ++........               (no ring)
                                (no ring)

@: repel missiles, not resistant to hostile enchantments, unstealthy
A: no striking features
a: no special abilities


You were on level 2 of the Dungeon.
You were not hungry.

You visited 1 branch of the dungeon, and saw 2 of its levels.

You collected 61 gold pieces.

Inventory:

Hand weapons
 e - a +0 dagger (weapon)
Armour
 a - a +0 robe (worn)
 b - a +0 hat (worn)
 l - a cursed +0 pair of gloves (worn)
Scrolls
 f - a scroll of remove curse {unknown}
 g - a scroll of teleportation {unknown}
 i - 2 scrolls of identify {unknown}
 n - a scroll of recharging {unknown}
Potions
 h - a potion of heal wounds {unknown}
 k - 3 potions of cancellation {unknown}
 m - 2 potions of curing {unknown}
Books
 c - a book of Minor Magic

   Spells                             Type                      Level
   a - Magic Dart                     Conjuration                  1
   b - Blink                          Translocation                2
   c - Call Imp                       Summoning                    2
   d - Repel Missiles                 Charms/Air                   2
   e - Slow                           Hexes                        2
   f - Conjure Flame                  Conjuration/Fire             3
   g - Mephitic Cloud                 Conjuration/Poison/Air       3
Comestibles
 d - a bread ration
 j - 5 chunks of flesh


   Skills:
 - Level 2.4 Dodging
 - Level 2.4 Stealth
 + Level 5.6 Spellcasting
 + Level 2.9 Conjurations
   Level 1.1 Summonings
 - Level 1.1 Translocations
 + Level 1.1 Air Magic
 + Level 1.0 Poison Magic


You had 3 spell levels left.
You knew the following spells:

 Your Spells              Type           Power        Failure   Level  Hunger
d - Conjure Flame         Conj/Fire      ##......     17%         3    #......
q - Blink                 Tloc           N/A          10%         2    None
w - Repel Missiles        Chrm/Air       #.....       12%         2    None
x - Mephitic Cloud        Conj/Pois/Air  ###.....     14%         3    #......
z - Magic Dart            Conj           ###.         2%          1    None


Dungeon Overview and Level Annotations

Branches:
Dungeon (2/15)

Altars:
Elyvilon
The Shining One


Message History

The river rat is severely wounded.
The river rat bites you.
* * * LOW HITPOINT WARNING * * *
Casting: Magic Dart
Confirm with . or Enter, or press ? or * to list all spells.
Aiming: Magic Dart
Press: ? - help, Shift-Dir - straight line, f/p - river rat
Aim: a river rat (severely wounded)
The magic dart hits the river rat.
The river rat is almost dead.
The river rat closely misses you.
Casting: Magic Dart
Confirm with . or Enter, or press ? or * to list all spells.
Aiming: Magic Dart
Press: ? - help, Shift-Dir - straight line, f/p - river rat
Aim: a river rat (almost dead)
The magic dart hits the river rat.
The river rat is almost dead.
The river rat bites you!
You die...

############
#..........#
#.########@# ####
#.# #.r.# ######...
#.#
#.#)########...)..##
#.#
#.♣.♣.>......######
#.# #.P♣.#########
#.# ♣P§P♣P# #.#
♣≈§♣.P♣r♣ # #.#
♣P§♣§♣♣.♣♣ #######
#.##♣♣♣♣♣P.♣ #......


You could see a river rat.

Vanquished Creatures
  3 river rats (D:2)
  2 adders (D:2)
  A worm (D:2)
  4 giant geckos
  A giant cockroach (D:1)
  4 hobgoblins
  5 jackals
  7 kobolds
  4 bats (D:1)
  5 goblins
  4 rats (D:1)
40 creatures vanquished.

Vanquished Creatures (others)
  A plant (D:2)
1 creature vanquished.

Grand Total: 41 creatures vanquished

Notes
Turn   | Place    | Note
--------------------------------------------------------------
     0 | D:1      | pk666 the Deep Elf Wizard began the quest for the Orb.
     0 | D:1      | Reached XP level 1. HP: 10/10 MP: 7/7
   417 | D:1      | Reached XP level 2. HP: 15/15 MP: 7/9
   793 | D:1      | Reached skill level 5 in Spellcasting
  1474 | D:2      | Reached XP level 3. HP: 17/19 MP: 1/11
  1563 | D:2      | Learned a level 2 spell: Blink
  1566 | D:2      | Learned a level 2 spell: Repel Missiles
  1570 | D:2      | Learned a level 3 spell: Conjure Flame
  1574 | D:2      | Learned a level 3 spell: Mephitic Cloud
  1629 | D:2      | Found a white marble altar of Elyvilon.
  1777 | D:2      | Reached XP level 4. HP: 24/24 MP: 11/13
  1797 | D:2      | Reached skill level 1 in Air Magic
  1797 | D:2      | Reached skill level 1 in Poison Magic
  2145 | D:2      | Found a glowing golden altar of the Shining One.
  2321 | D:2      | Slain by a river rat

Vault maps used:
D:1:      minmay_arrival_cross
D:2:      wad_woods_stonehenge, tso_metal_star, minmay_tree_intersection,
          minmay_rat_hole

Action                   |  1- 3 |  4- 6 || total
-------------------------+-------+-------++-------
Melee: Dagger            |     2 |     1 ||     3
 Cast: Magic Dart        |    73 |    34 ||   107
       Repel Missiles    |     1 |       ||     1
       Conjure Flame     |       |     1 ||     1
  Eat: Chunk             |     2 |     2 ||     4
